 Dungeon Crawl Stone Soup version 0.28-a0-1374-ga75cb3825e (webtiles) character file.

Game seed: 16963625630500094687

3801 Shayle the Slicer (level 9, -3/61 HPs)
             Began as a Demonspawn Warper on Jan 1, 2022.
             Was a Priest of Okawaru.
             Slain by a two-headed ogre (6 damage)
             ... on level 8 of the Dungeon.
             The game lasted 00:28:10 (13748 turns).

Shayle the Slicer (Demonspawn Warper)              Turns: 13748, Time: 00:28:11

Health: -3/61      AC: 12    Str: 11    XL:     9   Next: 96%
Magic:  11/12      EV: 15    Int: 14    God:    Okawaru [***...]
Gold:   387        SH:  4    Dex: 18    Spells: 7/12 levels left

rFire   . . .      SeeInvis .   w - +1 morningstar (protect)
rCold   . . .      Faith    .   (no shield)
rNeg    + . .      Spirit   .   b - +1 leather armour
rPois   .          Reflect  .   n - +0 helmet
rElec   .          Harm     .   (no cloak)
rCorr   .          Rampage  .   (no gloves)
Will    .....                   (boots unavailable)
Stlth   ++++......              (no amulet)
HPRegen 0.20/turn               s - ring of positive energy
MPRegen 0.13/turn               k - ring of flight

@: under a protective aura, flying
A: hooves 3, foul stench 1, condensation shield
a: Renounce Religion, Heroism


You were on level 8 of the Dungeon.
You worshipped Okawaru.
Okawaru was most pleased with you.
You visited 2 branches of the dungeon, and saw 9 of its levels.

You collected 387 gold pieces.

Inventory:

Hand Weapons
 a - a +1 hand axe
 j - a +2 dagger of venom
 p - a +2 hand axe of venom
 w - a +1 morningstar of protection (weapon)
 y - a +0 shortbow
Missiles
 c - 7 poisoned darts
 i - 11 boomerangs (quivered)
 z - 73 arrows
Armour
 b - a +1 leather armour (worn)
 m - a +0 ring mail
 n - a +0 helmet (worn)
Jewellery
 k - a ring of flight (right hand)
 s - a ring of positive energy (left hand)
Wands
 e - a wand of polymorph (13)
Scrolls
 d - a scroll of magic mapping
 f - a scroll of amnesia
 g - a scroll of silence
 h - a scroll of fear
 o - a scroll of immolation
 x - a scroll of enchant weapon
Potions
 l - a potion of attraction {unknown}
 r - a potion of brilliance
 t - a potion of mutation {unknown}
 u - 2 potions of berserk rage
 v - a potion of lignification {unknown}


   Skills:
 - Level 2.0 Fighting
 + Level 8.7 Short Blades
 - Level 1.7 Axes
 - Level 0.8 Throwing
 - Level 0.8 Armour
 - Level 6.3 Dodging
 - Level 8.1 Stealth
 - Level 2.0 Spellcasting
 - Level 2.6 Translocations
 - Level 1.8 Invocations


You had 7 spell levels left.
You knew the following spells:

 Your Spells              Type           Power      Damage    Failure   Level
a - Blink                 Tloc           16%        N/A       16%         2
b - Mephitic Cloud        Conj/Pois/Air  1%         N/A       67%         3

Your spell library contained the following spells:

 Spells                   Type           Power      Damage    Failure   Level
 Magic Dart               Conj           4%         1d3       30%         1
 Slow                     Hex            4%         N/A       30%         1
 Gell's Gravitas          Tloc           8%         N/A       30%         3
 Lesser Beckoning         Tloc           8%         N/A       30%         3
 Teleport Other           Tloc           8%         N/A       30%         3
 Ensorcelled Hibernation  Hex/Ice        2%         N/A       43%         2
 Confusing Touch          Hex            1%         N/A       67%         3
 Vampiric Draining        Necr           1%         2d6       67%         3
 Manifold Assault         Tloc           8%         N/A       96%         5
 Dispersal                Tloc           4%         N/A       100%        6
 Enfeeble                 Hex            0%         N/A       100%        7
 Borgnjor's Revivificati  Necr           0%         N/A       100%        8
 Disjunction              Tloc           4%         N/A       100%        8
 Necromutation            Tmut/Necr      0%         N/A       100%        8
 Death's Door             Necr           0%         N/A       100%        9
 Call Imp                 Summ           Unusable   N/A       N/A         2
 Tukima's Dance           Hex            Unusable   N/A       N/A         3

Dungeon Overview and Level Annotations

Branches:
Dungeon (8/15)             Temple (1/1) D:4
   Lair: D:8-11

Altars:
Ashenzari
Dithmenos
Elyvilon
Fedhas
Gozag
Hepliaklqana
Kikubaaqudgha
Makhleb
Nemelex Xobeh
Okawaru
Qazlal
Ru
Sif Muna
Trog
Uskayaw
Vehumet
Wu Jian
Xom
Yredelemnul
Zin
The Shining One
Jiyva

Shops:
D:4 [   D:7 =

Annotations:
D:7 3 runed translucent doors, ALWAYSlose's ghost, novice MiBe


Innate Abilities, Weirdness & Mutations

You have hooves in place of feet.
You may rarely emit foul miasma when damaged in melee.
A meltable shield of frost defends you. (SH +4)


Message History

Aim: a two-headed ogre, wielding two +0 giant spiked clubs (lightly wounded, 79% to hit)
You shoot an arrow. The arrow hits the two-headed ogre.
The two-headed ogre is lightly wounded.
Your +1 morningstar of protection hums with potential!
w - a +1 morningstar of protection (weapon)
You hit the two-headed ogre but do no damage.
Your weapon exudes an aura of protection.
You kick the two-headed ogre!
The two-headed ogre is moderately wounded.
The two-headed ogre barely misses you.
The two-headed ogre hits you with a +0 giant spiked club!
You barely miss the two-headed ogre. You kick the two-headed ogre!
The two-headed ogre is moderately wounded.
The two-headed ogre barely misses you. x2
You hit the two-headed ogre but do no damage.
You kick the two-headed ogre.
The two-headed ogre is moderately wounded.
The two-headed ogre misses you. The two-headed ogre barely misses you.
You puncture the two-headed ogre! You kick the two-headed ogre.
The two-headed ogre is severely wounded.
The two-headed ogre misses you. The two-headed ogre barely misses you.
You thump the two-headed ogre!
The two-headed ogre is severely wounded.
You barely miss the two-headed ogre.
The two-headed ogre is severely wounded.
You feel like a meek peon again. The two-headed ogre misses you.
The two-headed ogre hits you with a +0 giant spiked club!
You sock the two-headed ogre!
The two-headed ogre is almost dead.
The two-headed ogre barely misses you. x2
The two-headed ogre hits you with a +0 giant spiked club!
The two-headed ogre hits you with a +0 giant spiked club!!
* * * LOW HITPOINT WARNING * * *
Unknown command.
You hit the two-headed ogre.
The two-headed ogre is almost dead.
The two-headed ogre misses you.
The two-headed ogre hits you with a +0 giant spiked club.
You die...

#....).........#
#..............##
#...............#
##.....(...###''###
##...(....#......# #
#....######.#..#.# ########
###.#..# #..##..#
.......######...O.## #..##..#
######..#.....##@## #.#..#.#
##[.......######.# #......#
...##)...## ##)# ########
>#....#########..####
....................##
...###########.......# .###
##...#############
.###########...###....).....#
.#.....))....#.# #........).#


You could see a two-headed ogre.

Vanquished Creatures
  A manticore (D:7)
  A hornet (D:7)
  Prince Ribbit (D:8)
  A wyvern (D:7)
  A water moccasin (D:6)
  2 black bears
  2 sky beasts (D:7)
  An ice beast (D:8)
  A necrophage (D:8)
  3 ogres
  3 centaurs
  A phantom (D:5)
  A kobold brigand (D:8)
  Blork the orc (D:6)
  3 bullfrogs
  A wyvern zombie (D:8)
  A scorpion (D:5)
  A water moccasin zombie (D:5)
  A water moccasin skeleton (D:4)
  6 killer bees
  4 wights
  2 centaur zombies
  A centaur skeleton (D:6)
  An orc priest (D:3)
  A gnoll shaman (D:6)
  3 hounds
  3 bullfrog skeletons
  3 iguanas
  A killer bee zombie (D:5)
  2 hound skeletons (D:4)
  8 gnolls (D:6)
  8 adders
  3 white imps
  2 adder zombies (D:3)
  An adder skeleton (D:3)
  A dart slug (D:3)
  10 orcs
  6 endoplasms
  4 giant cockroaches
  7 goblins
  5 hobgoblins
  5 jackals
  14 kobolds
  5 quokkas
  6 ball pythons
  A ball python zombie (D:3)
  3 bats
  5 frilled lizards
  3 rats
151 creatures vanquished.

Vanquished Creatures (others)
  2 withered plants (D:3)
2 creatures vanquished.

Grand Total: 153 creatures vanquished

Notes
Turn   | Place    | Note
-------+----------+-------------------------------------------
     0 | D:1      | Shayle the Demonspawn Warper began the quest for the Orb.
     0 | D:1      | Reached XP level 1. HP: 16/16 MP: 3/3
    69 | D:1      | Reached skill level 1 in Stealth
   188 | D:1      | Found a faded altar of an unknown god.
   371 | D:1      | Gained mutation: You may rarely emit foul miasma when
                  | damaged in melee. [demonic ancestry]
   371 | D:1      | Reached XP level 2. HP: 19/22 MP: 5/5
  1409 | D:2      | Reached XP level 3. HP: 27/27 MP: 6/6
  2838 | D:3      | Gained mutation: You have large cloven feet. [demonic
                  | ancestry]
  2838 | D:3      | Reached XP level 4. HP: 23/33 MP: 7/7
  3101 | D:3      | You fall into a shaft and drop 1 floor!
  3769 | D:3      | Gained mutation: You have hoof-like feet. [demonic
                  | ancestry]
  3769 | D:3      | Reached XP level 5. HP: 34/38 MP: 8/8
  4065 | D:3      | Reached skill level 5 in Stealth
  4516 | D:4      | Found Enusiorash's Antique Armour Boutique.
  4671 | D:4      | Found a sparkling altar of Nemelex Xobeh.
  4671 | D:4      | Found an ornate altar of the Wu Jian Council.
  4677 | D:4      | Found a blossoming altar of Fedhas.
  4678 | D:4      | Found a sacrificial altar of Ru.
  4688 | D:4      | Gained mutation: A meltable shield of frost defends you.
                  | (SH +4) [demonic ancestry]
  4688 | D:4      | Reached XP level 6. HP: 13/44 MP: 9/9
  4933 | D:4      | Found a shimmering blue altar of Sif Muna.
  4934 | D:4      | Found a shadowy altar of Dithmenos.
  4938 | D:4      | Found a stormy altar of Qazlal.
  4941 | D:4      | Found an ancient bone altar of Kikubaaqudgha.
  4943 | D:4      | Found a basalt altar of Yredelemnul.
  4990 | D:4      | Found a staircase to the Ecumenical Temple.
  5007 | Temple   | Entered the Ecumenical Temple
  5089 | Temple   | Became a worshipper of Warmaster Okawaru
  5547 | D:5      | Entered Level 5 of the Dungeon
  6137 | D:5      | Reached XP level 7. HP: 6/50 MP: 10/10
  6537 | D:5      | Reached * piety under Okawaru
  7966 | D:6      | Gained mutation: You have hooves in place of feet. [demonic
                  | ancestry]
  7966 | D:6      | Reached XP level 8. HP: 29/56 MP: 11/11
  8348 | D:7      | Found Fiudi's Jewellery Shop.
  8354 | D:7      | Reached skill level 5 in Dodging
  8463 | D:7      | Found a runed translucent gate.
  8464 | D:7      | Found a runed translucent gate.
  8465 | D:7      | Found a runed translucent gate.
  8466 | D:7      | Noticed ALWAYSlose's ghost (novice MiBe)
  8601 | D:6      | Noticed Blork the orc
  8606 | D:6      | Killed Blork the orc
  9084 | D:7      | Reached ** piety under Okawaru
  9309 | D:6      | Reached skill level 1 in Short Blades
  9986 | D:7      | Noticed a manticore
 10001 | D:7      | Killed a manticore
 10002 | D:7      | Reached skill level 5 in Short Blades
 10002 | D:7      | Reached XP level 9. HP: 29/61 MP: 12/12
 10284 | D:8      | Noticed a two-headed ogre
 10293 | D:8      | HP: 2/61 [two-headed ogre (34)]
 10671 | D:7      | Learned a level 2 spell: Blink
 10675 | D:7      | Learned a level 3 spell: Mephitic Cloud
 10729 | D:8      | Noticed Prince Ribbit
 10739 | D:7      | Reached skill level 1 in Invocations
 11356 | D:7      | Reached *** piety under Okawaru
 12407 | D:8      | Killed Prince Ribbit
 13747 | D:8      | HP: 3/61 [two-headed ogre (18)]
 13748 | D:8      | Slain by a two-headed ogre

Illustrated notes

Levels and vault maps discovered:
D:1:      heliophobic_arrival_enchanted_forest, layout_rooms,
          dreamdust_ecumenical_altar_angels_and_demons
D:2:      layout_basic
D:3:      layout_loops_ring, serial_undead, serial_undead_c, serial_undead_a,
          serial_undead_d, serial_undead_b, serial_undead_a, serial_undead_e
D:4:      layout_basic, nicolae_overflow_hallway_of_the_gods,
          minmay_temple_entry_glassed_door, serial_shops, nicolae_stop_n_shop_1,
          kennysheep_cross_room
D:5:      layout_basic
D:6:      layout_basic, uniq_blork_the_orc
D:7:      layout_gridville, gammafunk_ghost_necromancy, serial_shops,
          nicolae_shop_crystal
D:8:      layout_rooms, kennysheep_generic_room_15, uniq_prince_ribbit1
Temple:   pf_slimified_temple

Skill      XL: |  1  2  3  4  5  6  7  8  9 |
---------------+----------------------------+-----
Stealth        | 1 2 3 4 5 7 8 |  8.1
Dodging        | 4 6 |  6.3
Short Blades   | 5 8 |  8.7
Invocations    | 1 |  1.8
Fighting       | |  2.0
Axes           | |  1.7
Throwing       | |  0.8
Armour         | |  0.8
Spellcasting   | |  2.0
Translocations | |  2.6

Action                   |  1- 3 |  4- 6 |  7- 9 || total
-------------------------+-------+-------+-------++-------
Melee: Hand axe          |    80 |       |    60 ||   140
       Dagger            |    51 |   178 |   113 ||   342
       Kick              |       |    38 |    94 ||   132
       Morningstar       |       |       |   139 ||   139
 Fire: Shortbow          |       |       |    35 ||    35
Throw: Boomerang         |       |       |     7 ||     7
Invok: Heroism           |       |       |     1 ||     1
Evoke: Wand              |       |       |    17 ||    17
  Use: Scroll            |     3 |     9 |     5 ||    17
       Potion            |     1 |     1 |     4 ||     6
 Stab: Sleeping          |     7 |     7 |     7 ||    21
Armor: Leather armour    |    49 |    44 |    83 ||   176
Dodge: Dodged            |    73 |    94 |   271 ||   438
Block: Other             |       |    13 |    73 ||    86

Table legend: (Time is in decaauts)
 A = Elapsed time spent in this place.
 B = Non-inter-level travel time spent in this place.
 C = Inter-level travel time spent in this place.
 D = Time resting spent in this place.
 E = Time spent auto-exploring this place.
 F = Levels seen in this place.
 G = Mean time per level.
                   A        B        C        D        E       F      G
               +--------+--------+--------+--------+--------+-----+--------+
         Total |  13880 |  13567 |    313 |   5652 |   5285 |   9 | 1542.2 |
       Dungeon |  13794 |  13485 |    309 |   5652 |   5238 |   8 | 1724.2 |
        Temple |     86 |     82 |      4 |      0 |     47 |   1 |   86.0 |
               +--------+--------+--------+--------+--------+-----+--------+

Top non-repeatable levels by time:
     D:7: 3484 daAuts
     D:5: 1945 daAuts
     D:4: 1707 daAuts
     D:2: 1496 daAuts
     D:3: 1464 daAuts
     D:6: 1329 daAuts
     D:8: 1261 daAuts
     D:1: 1106 daAuts
  Temple: 86 daAuts
